 Dungeon Crawl Stone Soup version 0.25-a0-668-gea548f19b6 (webtiles) character file.

Game seed: 14583113852806353510, levelgen mode: deterministic

29856 Mehrunes the Severer (level 13, -11/118 HPs)
             Began as a Hill Orc Fighter on Mar 28, 2020.
             Was an Elder of Kikubaaqudgha.
             Mangled by a catoblepas (26 damage)
             ... on level 2 of the Lair of Beasts.
             The game lasted 00:45:58 (15630 turns).

Mehrunes the Severer (Hill Orc Fighter)            Turns: 15630, Time: 00:45:59

Health: -11/118    AC: 20    Str: 22    XL:     13   Next: 48%
Magic:  13/13      EV:  6    Int: 10    God:    Kikubaaqudgha [****..]
Gold:   728        SH: 12    Dex: 10    Spells: 9/12 levels left

rFire    + . .     SeeInvis .   B - +1 war axe (elec)
rCold    . . .     Gourm    +   c - +0 kite shield
rNeg     . . .     Faith    .   o - +0 plate armour
rPois    +         Spirit   .   (no helmet)
rElec    .         Reflect  .   R - +2 cloak {rPois}
rCorr    +         Harm     .   g - +0 pair of gloves
MR       .....                  (no boots)
Stlth    ..........             y - amulet of the gourmand
HPRegen  0.29/turn              h - ring of protection from fire
MPRegen  0.13/turn              I - ring of resist corrosion

@: no status effects
A: no striking features
a: Receive Corpses, Renounce Religion


You were on level 2 of the Lair of Beasts.
You worshipped Kikubaaqudgha.
Kikubaaqudgha was greatly pleased with you.
You were very full.

You visited 4 branches of the dungeon, and saw 18 of its levels.
You also visited: Bailey.

You collected 728 gold pieces.

Inventory:

Hand Weapons
 a - a +0 war axe
 l - a +2 dagger of flaming
 B - a +1 war axe of electrocution (weapon)
 H - a +1 dagger of venom
 J - a +1 hand axe of flaming
 L - the +1 lajatang of Ucoylo {flame, MP+9 Stlth+}
   (You found it on level 7 of the Dungeon)

   It has been specially enchanted to burn those struck by it, causing extra
   injury to most foes and up to half again as much damage against particularly
   susceptible opponents.
   Big, fiery blades are also staple armaments of hydra-hunters.
   It affects your magic capacity (+9).
   It makes you more stealthy.
Missiles
 e - 78 arrows
Armour
 b - a +0 scale mail
 c - a +0 kite shield (worn)
 g - a +0 pair of gloves (worn)
 o - a +0 plate armour (worn)
 q - a +0 cloak
 R - a +2 cloak of poison resistance (worn)
Magical Staves
 W - an uncursed staff of cold
Jewellery
 h - a ring of protection from fire (left hand)
 p - an uncursed ring of fire
 u - an uncursed ring of wizardry
 y - an amulet of the gourmand (around neck)
 I - a ring of resist corrosion (right hand)
Wands
 d - a wand of acid (13)
 F - a wand of random effects (39)
 S - a wand of paralysis (10)
 Z - a wand of flame (27)
Scrolls
 i - 3 scrolls of fog {unknown}
 k - 2 scrolls of enchant weapon {unknown}
 m - 7 scrolls of teleportation
 r - 6 scrolls of remove curse
 s - 3 scrolls of blinking {unknown}
 t - 3 scrolls of immolation
 v - 2 scrolls of fear
 w - 3 scrolls of identify
 z - 2 scrolls of random uselessness
 C - 5 scrolls of amnesia
 G - 2 scrolls of vulnerability {unknown}
 M - a scroll of silence {unknown}
 Q - 5 scrolls of enchant armour {unknown}
 V - a scroll of magic mapping {unknown}
Potions
 n - a potion of stabbing
 A - 2 potions of lignification
 D - 3 potions of degeneration
 E - 3 potions of curing
 N - 4 potions of magic
 P - 2 potions of mutation
 X - a potion of might
 Y - 4 potions of heal wounds
Comestibles
 f - 27 rations
 j - a chunk of flesh


   Skills:
 + Level 12.2 Fighting
 - Level 15.0 Axes
 + Level 11.2 Armour
 + Level 10.3 Shields
 - Level 8.1 Necromancy


You had 9 spell levels left.
You knew the following spells:

 Your Spells              Type           Power        Failure   Level  Hunger
a - Vampiric Draining     Necr           ###.......   67%         3    ####...

Your spell library contained the following spells:

 Spells                   Type           Power        Failure   Level  Hunger
 Animate Skeleton         Necr           N/A          30%         1    ##.....
 Pain                     Necr           ###.         30%         1    ##.....
 Sublimation of Blood     Necr           ###.......   43%         2    ###....
 Corpse Rot               Necr/Air       N/A          94%         2    ###....
 Animate Dead             Necr           N/A          97%         4    #####..
 Dispel Undead            Necr           ###.....     97%         4    #####..
 Apportation              Tloc           #.....       100%        1    ##.....
 Corona                   Hex            #......      100%        1    ##.....
 Magic Dart               Conj           #...         100%        1    ##.....
 Shock                    Conj/Air       #...         100%        1    ##.....
 Summon Small Mammal      Summ           #...         100%        1    ##.....
 Blink                    Tloc           N/A          100%        2    ###....
 Call Imp                 Summ           #.......     100%        2    ###....
 Slow                     Hex            #.......     100%        2    ###....
 Swiftness                Chrm/Air       #.......     100%        2    ###....
 Call Canine Familiar     Summ           #.......     100%        3    ####...
 Conjure Flame            Conj/Fire      #.......     100%        3    ####...
 Mephitic Cloud           Conj/Pois/Air  #.......     100%        3    ####...
 Static Discharge         Conj/Air       #.......     100%        3    ####...
 Summon Guardian Golem    Hex/Summ       #.......     100%        3    ####...
 Airstrike                Air            #.........   100%        4    #####..
 Summon Ice Beast         Ice/Summ       #.......     100%        4    #####..
 Summon Lightning Spire   Summ/Air       #.......     100%        4    #####..
 Agony                    Necr           ###.....     100%        5    ######.
 Borgnjor's Vile Clutch   Necr/Erth      #.........   100%        5    ######.
 Lightning Bolt           Conj/Air       #.........   100%        5    ######.
 Simulacrum               Ice/Necr       #.........   100%        6    #######


Dungeon Overview and Level Annotations

Branches:
Dungeon (14/15)            Temple (1/1) D:5            Lair (2/6) D:9
 Shoals (0/4) Lair:2       Spider (0/4) Lair:2          Orc (1/2) D:9
 Bailey (visited)
 Vaults: D:13-14

Altars:
Ashenzari
Cheibriados
Dithmenos
Elyvilon
Fedhas
Gozag
Hepliaklqana
Kikubaaqudgha
Makhleb
Nemelex Xobeh
Okawaru
Qazlal
Ru
Sif Muna
Trog
Uskayaw
Vehumet
Wu Jian
Xom
Yredelemnul
Zin
The Shining One
Beogh

Shops:
D:10 (

Annotations:
D:10 2 runed translucent doors, exclusion: ice statue
D:12 Erolcha
Lair:1 3 runed translucent doors, Duffy's ghost, journeyman NaFi
Lair:2 exclusion: 2 oklob plants


Message History

You are engulfed in calcifying dust.
The catoblepas breathes a plume of calcifying dust at you.
The blast of calcifying dust hits you but does no damage.
You are engulfed in calcifying dust.
The catoblepas gores you!
* * * LOW HITPOINT WARNING * * *
You are engulfed in calcifying dust.
The catoblepas breathes a plume of calcifying dust at you.
The blast of calcifying dust hits you but does no damage.
You are engulfed in calcifying dust.
The catoblepas gores you but does no damage.
You are engulfed in calcifying dust.
The catoblepas gores you but does no damage.
The catoblepas breathes a plume of calcifying dust at you.
The blast of calcifying dust hits you!
* * * LOW HITPOINT WARNING * * *
You turn to flesh and can move again.
You feel better.
You are engulfed in calcifying dust.
The catoblepas gores you!!
You die...
Kikubaaqudgha rasps: "You have failed me!
Welcome... death!"

###### #
######.#.P#######.#
...................
......Y@§§.§.......
....#####P...######
## ##..## #...#
#..## #...# #..##
##..# #...##


You could see a catoblepas.

Vanquished Creatures
  Fannar (Lair:1)
  2 hydras
  Nergalle (D:11)
  An unseen horror (D:9)
  An orb spider (Lair:2)
  An orc knight (Bailey)
  2 black mambas (Lair:2)
  2 centaur zombies
  Maurice (D:9)
  Psyche (D:12)
  A gargoyle (D:9)
  2 kobold demonologists (D:11)
  2 komodo dragons
  A hornet (D:10)
  A merfolk (D:10)
  3 trolls (D:9)
  Grinder (D:4)
  Prince Ribbit (D:8)
  4 blink frogs (Lair:2)
  A hippogriff (D:10)
  Sigmund (D:5)
  2 wyverns
  10 yaks
  Grum (D:10)
  A hungry ghost (D:9)
  Duvessa (D:5)
  4 water moccasins
  A porcupine (Lair:1)
  5 orc warriors
  A sky beast (D:8)
  An ice beast (D:5)
  4 black bears
  7 ogres
  A necrophage (D:7)
  4 wolves (D:10)
  9 centaurs
  2 big kobolds
  A gnoll sergeant (D:9)
  6 bullfrogs
  Dowan (D:5)
  A wyvern skeleton (D:8)
  4 scorpions
  11 killer bees
  4 wights (D:10)
  An electric eel (Lair:2)
  9 howler monkeys
  7 crimson imps
  10 orc priests
  2 hounds
  A bullfrog skeleton (D:9)
  7 worker ants
  9 orc wizards
  2 hound zombies
  2 hound skeletons
  2 worker ant zombies
  12 adders
  17 gnolls
  A shadow imp (D:10)
  2 oozes
  2 adder skeletons
  An adder zombie (D:5)
  2 worms (D:3)
  A dart slug (D:2)
  5 leopard geckos
  49 orcs
  10 bats
  5 giant cockroaches
  12 goblins
  18 hobgoblins
  11 jackals
  3 quokkas
  A ball python (D:1)
  4 frilled lizards
  26 kobolds
  A leopard gecko skeleton (D:7)
  A quokka skeleton (D:5)
  6 rats
355 creatures vanquished.

Vanquished Creatures (others)
  A fungus (Lair:2)
  A plant (Lair:2)
2 creatures vanquished.

Grand Total: 357 creatures vanquished

Notes
Turn   | Place    | Note
-------+----------+-------------------------------------------
     0 | D:1      | Mehrunes the Hill Orc Fighter began the quest for the Orb.
     0 | D:1      | Reached XP level 1. HP: 19/19 MP: 1/1
    38 | D:1      | Reached skill level 3 in Axes
    40 | D:1      | Reached XP level 2. HP: 20/27 MP: 2/2
   288 | D:1      | Reached XP level 3. HP: 29/33 MP: 3/3
   994 | D:1      | Reached skill level 4 in Axes
  1148 | D:2      | Reached XP level 4. HP: 40/40 MP: 4/4
  1421 | D:2      | Found a burning altar of Makhleb.
  2270 | D:3      | Reached XP level 5. HP: 38/47 MP: 5/5
  2485 | D:3      | Reached skill level 5 in Axes
  2893 | D:4      | Noticed Grinder
  2909 | D:4      | Killed Grinder
  2909 | D:4      | Reached skill level 5 in Fighting
  2909 | D:4      | Reached skill level 6 in Axes
  2909 | D:4      | Reached XP level 6. HP: 24/56 MP: 6/6
  3262 | D:4      | Reached skill level 5 in Armour
  3262 | D:4      | Reached XP level 7. HP: 58/61 MP: 7/7
  3694 | D:5      | Entered Level 5 of the Dungeon
  3694 | D:5      | Noticed Duvessa
  3733 | D:5      | Killed Duvessa
  3733 | D:5      | Reached skill level 7 in Axes
  3734 | D:5      | Noticed Dowan
  3739 | D:5      | Killed Dowan
  3780 | D:5      | Noticed Sigmund
  3794 | D:5      | Killed Sigmund
  3794 | D:5      | Reached skill level 8 in Axes
  3851 | D:5      | Found a staircase to the Ecumenical Temple.
  3943 | Temple   | Entered the Ecumenical Temple
  4250 | Temple   | Became a worshipper of Kikubaaqudgha
  4387 | D:5      | Reached XP level 8. HP: 70/70 MP: 8/8
  4649 | D:5      | Reached skill level 9 in Axes
  5544 | D:6      | Reached * piety under Kikubaaqudgha
  5544 | D:6      | Identified Kikubaaqudgha's Handbook of Necromancy
                  | (Kikubaaqudgha gifted it to you on level 6 of the Dungeon)
  5544 | D:6      | Received a gift from Kikubaaqudgha
  6055 | D:7      | Reached skill level 10 in Axes
  6064 | D:7      | Reached XP level 9. HP: 75/79 MP: 9/9
  6220 | D:7      | Learned a level 3 spell: Vampiric Draining
  6350 | D:7      | Got a transparent lajatang
  6360 | D:7      | Identified the cursed +1 lajatang of Ucoylo {flame, MP+9
                  | Stlth+} (You found it on level 7 of the Dungeon)
  6452 | D:7      | Reached skill level 5 in Shields
  6567 | D:8      | Noticed Prince Ribbit
  6657 | D:8      | Reached skill level 11 in Axes
  6840 | D:8      | Found a flagged portal.
  6854 | Bailey   | Entered a bailey
  7119 | Bailey   | Reached ** piety under Kikubaaqudgha
  7201 | Bailey   | Noticed an orc knight
  7223 | Bailey   | Killed an orc knight
  7742 | D:8      | Noticed a hornet
  7744 | D:8      | Paralysed by a hornet for 3 turns
  8149 | D:8      | Killed Prince Ribbit
  8277 | D:9      | Noticed a troll
  8340 | D:9      | Reached XP level 10. HP: 90/90 MP: 10/10
  8867 | D:9      | Identified the cursed +0 dagger of Superiority {flame,
                  | rPois rC- Int+4 Dex+3}
  8871 | D:9      | Reached skill level 12 in Axes
  8908 | D:9      | Found a roughly hewn altar of Beogh.
  8954 | D:9      | Found a staircase to the Orcish Mines.
  9116 | D:9      | Found a staircase to the Lair.
  9180 | D:9      | Noticed a gargoyle
  9186 | D:9      | Noticed Maurice
  9196 | D:9      | Killed a gargoyle
  9210 | D:9      | Paralysed by Maurice for 2 turns
  9226 | D:9      | Reached *** piety under Kikubaaqudgha
  9226 | D:9      | Identified Kikubaaqudgha's Collected Works on Darkness
                  | (Kikubaaqudgha gifted it to you on level 9 of the Dungeon)
  9226 | D:9      | Received a gift from Kikubaaqudgha
  9237 | D:9      | Reached skill level 13 in Axes
  9254 | D:9      | Paralysed by something for 6 turns
  9725 | D:9      | Killed an unseen horror
 10012 | D:9      | Killed Maurice
 10099 | D:9      | Reached XP level 11. HP: 99/99 MP: 11/11
 10152 | D:9      | You fall into a shaft and drop 3 floors!
 10199 | D:12     | You fall into a shaft and drop 2 floors!
 10199 | D:14     | Found a sacrificial altar of Ru.
 10199 | D:14     | Noticed a catoblepas
 10219 | D:13     | Noticed a cyclops
 10333 | D:12     | Noticed Psyche
 10335 | D:12     | Noticed a phantasmal warrior
 10336 | D:12     | Noticed a death knight
 10351 | D:12     | Noticed Erolcha
 10443 | D:12     | Killed Psyche
 10488 | D:12     | Reached skill level 10 in Fighting
 10541 | D:11     | Reached skill level 14 in Axes
 10837 | D:11     | Noticed Nergalle
 10877 | D:11     | Killed Nergalle
 11017 | D:10     | Entered Level 10 of the Dungeon
 11017 | D:10     | Noticed Grum
 11037 | D:10     | Killed Grum
 11352 | D:10     | Noticed a fire dragon
 11360 | D:10     | Found Jetsyqoi's Antique Weapon Boutique.
 11421 | D:10     | Reached **** piety under Kikubaaqudgha
 11972 | Lair:1   | Entered Level 1 of the Lair of Beasts
 12061 | Lair:1   | Noticed an eight-headed hydra
 12106 | Lair:1   | Killed a one-headed hydra
 12276 | Lair:1   | Reached skill level 15 in Axes
 12281 | Lair:1   | Reached skill level 10 in Armour
 12503 | Lair:1   | Found a runed translucent gate.
 12520 | Lair:1   | Found a runed translucent gate.
 12541 | Lair:1   | Noticed Fannar
 12558 | Lair:1   | Found a runed translucent gate.
 12621 | Orc:1    | Entered Level 1 of the Orcish Mines
 12762 | D:10     | Found a runed translucent door.
 12762 | D:10     | Found the +2 shield of Resistance {rF+ rC+ MR+}
 12762 | D:10     | Noticed a fire dragon
 12762 | D:10     | Noticed an ice dragon
 12762 | D:10     | Noticed an ice dragon
 12774 | D:10     | Reached XP level 12. HP: 102/110 MP: 12/12
 12789 | D:10     | Found a runed translucent door.
 13449 | Lair:1   | Killed Fannar
 13931 | Lair:1   | Noticed Duffy's ghost (journeyman NaFi)
 13977 | Lair:1   | Reached XP level 13. HP: 116/116 MP: 13/13
 14201 | Lair:2   | Reached skill level 10 in Shields
 14985 | Lair:2   | Found a staircase to the Shoals.
 15084 | Lair:2   | Found a hole to the Spider Nest.
 15630 | Lair:2   | Mangled by a catoblepas

Levels and vault maps discovered:
D:1:      dpeg_arrival_arbitrary_a, layout_basic
D:2:      layout_loops_cross, nicolae_overflow_hidden_temple, first_ration
D:3:      layout_loops_ring, st_stairs_5
D:4:      layout_rooms, uniq_grinder
D:5:      layout_loops_ring, minmay_temple_entry_mist, uniq_sigmund,
          uniq_duvessa
D:6:      layout_basic
D:7:      layout_rooms
D:8:      layout_basic, serial_shops, shop, enter_bailey_3, uniq_prince_ribbit1
D:9:      layout_loops_cross, lair_entry_dummy, david_orc_5, uniq_maurice
D:10:     lemuel_ice_statue, layout_rooms, serial_shops, shop_fountains,
          hangedman_fish_farm, minmay_guarded_unrand_resistance, uniq_grum
D:11:     giant_chief_lemuel, layout_rooms, uniq_josephine, uniq_nergalle
D:12:     layout_grid_maze, uniq_kirke, uniq_erolcha, uniq_psyche
D:13:     gammafunk_sealed_library, layout_basic, grunt_vaults_entry_tiered,
          uniq_jorgrun
D:14:     layout_irregular_city, enter_trove_2, hangedman_ru_absence
Temple:   roderic_octagonal_lattice_temple
Lair:1:   layout_hall_layers, gammafunk_ghost_necromancy,
          chequers_serial_rivers_micro_b, grunt_megastairs_2, lemuel_fruit_tree,
          uniq_fannar
Lair:2:   layout_long_grid, shoals_dummy_entry,
          nicolae_spider_entry_orb_guardian, serial_bayou_shore_b,
          minmay_lair_oklob_chamber, infiniplex_staircase_pool,
          serial_bayou_shore_b
Orc:1:    layout_caves

Skill      XL: |  1  2  3  4  5  6  7  8  9 10 11 12 13 |
---------------+----------------------------------------+-----
Axes           | 3 4 6 8 10 11 13 15 | 15.0
Fighting       | 4 5 6 7 8 9 11 12 | 12.2
Armour         | 4 5 6 7 8 10 11 | 11.2
Shields        | 4 6 7 9 10 | 10.3
Necromancy     | 8 |  8.1

Action                   |  1- 3 |  4- 6 |  7- 9 | 10-12 | 13-15 || total
-------------------------+-------+-------+-------+-------+-------++-------
Melee: War axe           |    80 |   211 |   333 |   475 |    71 ||  1170
       Hand axe          |       |       |       |    14 |    12 ||    26
  Use: Potion            |       |       |     5 |    14 |     1 ||    20
       Scroll            |       |       |    10 |     4 |       ||    14
  Eat: Chunk             |     1 |     7 |    26 |    19 |     5 ||    58
Armor: Scale mail        |    39 |       |       |       |       ||    39
       Plate armour      |    36 |   149 |   156 |   267 |    36 ||   644
Dodge: Dodged            |    40 |    37 |    74 |    77 |    10 ||   238
Block: Kite shield       |    75 |   114 |   159 |   278 |    33 ||   659

Table legend:
 A = Non-vault XP
 B = Vault XP
 C = Vault XP percentage of total XP
 D = Non-vault monster count
 E = Vault monster count
 F = Vault count percentage of total count
                 A         B        C        D         E       F
            +---------+---------+-------+---------+---------+-------
      Total |   15902 |   10864 |  40.6 |     262 |      93 |  26.2
            +---------+---------+-------+---------+---------+-------
        D:1 |      78 |       0 |   0.0 |      34 |       0 |   0.0
        D:2 |      49 |       0 |   0.0 |      17 |       0 |   0.0
        D:3 |     100 |      16 |  13.8 |      21 |       3 |  12.5
        D:4 |     129 |     272 |  67.8 |       7 |       1 |  12.5
        D:5 |     436 |     475 |  52.1 |       9 |       3 |  25.0
        D:6 |     662 |       0 |   0.0 |      28 |       0 |   0.0
        D:7 |     503 |       0 |   0.0 |       9 |       0 |   0.0
        D:8 |     720 |     420 |  36.8 |      10 |      11 |  52.4
        D:9 |    3981 |     888 |  18.2 |      41 |      18 |  30.5
       D:10 |    2369 |     941 |  28.4 |      25 |       6 |  19.4
       D:11 |    2051 |    1196 |  36.8 |      22 |       4 |  15.4
       D:12 |     795 |     454 |  36.3 |      11 |       1 |   8.3
     Lair:1 |     371 |    3660 |  90.8 |       3 |       9 |  75.0
     Lair:2 |    3061 |    1737 |  36.2 |      12 |       3 |  20.0
      Orc:1 |     597 |       0 |   0.0 |      13 |       0 |   0.0
     Bailey |       0 |     805 | 100.0 |       0 |      34 | 100.0
            +---------+---------+-------+---------+---------+-------
